 Dungeon Sprint DCSS version 0.22.1-1-ga44c0e56f4 (webtiles) character file.

28171 MuseOD the Imperceptible (level 13, -15/72 HPs)
             Began as a Spriggan Enchanter on Oct 1, 2018.
             Was the Champion of Dithmenos.
             Killed from afar by a deep elf knight (47 damage)
             ... with a shard of ice
             ... in the Dungeon (Sprint III: "The Ten Rune Challenge").
             The game lasted 00:09:46 (3574 turns).

MuseOD the Imperceptible (Spriggan Enchanter)       Turns: 3574, Time: 00:09:47

Health: -15/72     AC:  4    Str:  4    XL:     13   Next: 8%
Magic:  2/30       EV: 36    Int: 21    God:    Dithmenos [******]
Gold:   1018       SH:  0    Dex: 19    Spells: 25/37 levels left

rFire    . . .     SeeInvis +   a - +1 dagger
rCold    . . .     Gourm    .   (shield restricted)
rNeg     . . .     Faith    .   b - +0 robe
rPois    .         Spirit   .   (helmet restricted)
rElec    .         Reflect  .   q - +1 cloak {MR+}
rCorr    +         Harm     .   (gloves unavailable)
MR       +++..     NoTele   +   (boots unavailable)
Stlth    ++++++++++             (no amulet)
HPRegen  0.22/turn              f - ring "Pumnef" {EV+2 Dex+2}
MPRegen  0.22/turn              s - ring of resist corrosion

@: wreathed by umbra, very quick
A: very small, unfitting armour, see invisible, herbivore, speed 3, slow
metabolism 2
a: Shadow Step, Shadow Form, Renounce Religion


You were in the Dungeon.
You worshipped Dithmenos.
Dithmenos was exalted by your worship.
You were not hungry.

You visited 1 branch You collected 1030 gold pieces.
You spent 12 gold pieces at shops.

Inventory:

Hand Weapons
 a - a +1 dagger (weapon)
Armour
 b - a +0 robe (worn)
 q - a +1 cloak of magic resistance (worn)
Jewellery
 f - the ring "Pumnef" (left hand) {EV+2 Dex+2}
   (You found it in the Dungeon)

   [ring of evasion]

   It affects your evasion (+2).
   It affects your dexterity (+2).
 s - a ring of resist corrosion (right hand)
Wands
 r - a wand of paralysis (13)
Scrolls
 j - 2 scrolls of blinking
 m - 2 scrolls of holy word {unknown}
 n - 4 scrolls of remove curse
 p - a scroll of identify {unknown}
Potions
 c - 2 potions of invisibility {unknown}
 e - 2 potions of curing
 g - a potion of haste
 h - a potion of magic
 i - a potion of berserk rage
 k - a potion of brilliance {unknown}
 l - 4 potions of mutation {unknown}
 o - 2 potions of flight
Comestibles
 d - 4 rations


   Skills:
 - Level 10.2 Fighting
 - Level 17.7 Short Blades
 + Level 16.9 Dodging
 + Level 23.7 Stealth
 - Level 12.6 Spellcasting
 + Level 8.8 Conjurations
 - Level 12.9 Hexes
 - Level 7.0 Evocations


You had 25 spell levels left.
You knew the following spells:

 Your Spells              Type           Power        Failure   Level  Hunger
a - Corona                Hex            ######.      1%          1    None
b - Ensorcelled Hibernat  Hex/Ice        #####.       1%          2    None
c - Confuse               Hex            ######..     1%          3    None
d - Dazzling Spray        Conj/Hex       ######       1%          3    None
e - Tukima's Dance        Hex            ######..     1%          3    None

Your spell library contained the following spells:

 Spells                   Type           Power        Failure   Level  Hunger
 Confusing Touch          Hex            ######       1%          1    None
 Animate Skeleton         Necr           N/A          4%          1    None
 Apportation              Tloc           ##....       4%          1    None
 Summon Small Mammal      Summ           ##..         4%          1    None
 Metabolic Englaciation   Hex/Ice        #####.....   10%         5    ####...
 Yara's Violent Unravell  Hex/Tmut       #####.....   10%         5    ####...
 Gell's Gravitas          Tloc           ##........   16%         3    None
 Petrify                  Tmut/Erth      ##......     45%         4    None


Dungeon Overview and Level Annotations

Branches:
Dungeon (1/1)

Altars:
Dithmenos
Elyvilon
Kikubaaqudgha
Okawaru
Ru
Sif Muna
Trog
Uskayaw
Vehumet
Wu Jian
Yredelemnul
Zin
The Shining One
Beogh

Shops:
D !

Annotations:
D exclusion: 2 obsidian statues


Innate Abilities, Weirdness & Mutations

You are very small and have problems with some larger weapons.
You are too small for most types of armour.
You have supernaturally acute eyesight. (SInv)
You are a herbivore.
You cover ground extremely quickly.
You need to consume almost no food.


Message History

Things that are here:
a tomahawk; a short sword
Casting: Confuse (safe; 1% risk of failure)
Confirm with . or Enter, or press ? or * to list all spells.
Aiming: Confuse (safe; 1% risk of failure)
Press: ? - help, Shift-Dir - straight line, f/p - deep elf knight
Aim: a deep elf knight, wielding a short sword and wearing a buckler (severely The deep elf knight easily resists.
Your shadow mimicks your spell!
The deep elf knight resists with almost no effort.
The deep elf knight hits you with a short sword.
The deep elf knight gestures at you while chanting.
The shard of ice misses you.
Items here: $ )) [[ ÷÷ You enter the shallow water.
Moving in this stuff is going to be slow.
The deep elf knight casts a spell at you.
The shard of ice hits you!
Ouch! That really hurt!
You die...

.#)..#__.#÷_#.§§§§..*e.#.#...#
.###'#'###'##.§§§§§...##.#...≈≈≈
.#).........#§§§§§§§.e##e#...##≈
.'.⌠........#))##§§§#.##.e...#
.#...######'#§##.#§§##.#######
.#.⌠.# #...#§###################
.#...# #...#.e§≈≈).#.'...'.#.#.#
.#'### #...#§#§≈§#.#.#...##.#.#.
.#.))# #...'.#§@§#.#.#(..#.#.#.#
.#___# +...#.#§.§#...#((.##.#.#.
▓▓▓▓▓▓ ▓▓▓▓▓▓▓▓▓▓▓▓▓▓▓▓▓▓#.#.#.#
##.#.#. +.#.#.# ##.#.#. ##'####
#...'(§ #...#.§


You could see a deep elf knight.

Vanquished Creatures
  Sojobo (D)
  A lich (D)
  Frances (D)
  Chuck (D)
  Donald (D)
  2 shadow dragons (D)
  Snorg (D)
  A fire dragon (D)
  3 yaktaur captains (D)
  2 centaur warriors (D)
  An ogre mage (D)
  A deep elf knight (D)
  2 unseen horrors (D)
  A mana viper (shapeshifter) (D)
  A deep elf mage (D)
  2 orc sorcerers (D)
  A shining eye (shapeshifter) (D)
  6 ugly things (D)
  A yaktaur (D)
  4 spriggan defenders (D)
  5 slime creatures (D)
  A shadow (D)
  2 orc warriors (D)
  A necrophage (D)
  2 centaurs (D)
  An earth elemental (D)
  A water elemental (D)
  A jelly (D)
  6 orc priests (D)
  5 orc wizards (D)
  A wizard (D)
  Crazy Yiuf (D)
  Jessica (D)
  A necromancer (D)
  3 humans (D)
  A kobold demonologist (D)
  An ooze (D)
  6 orcs (D)
  2 rats (D)
  2 plants (D)
78 creatures vanquished.

Vanquished Creatures (others)
  2 draconian scorchers (D)
  6 hellions (D)
  2 yaktaurs (D)
  An orc priest (D)
  2 bushes (D)
  3 plants (D)
16 creatures vanquished.

Grand Total: 94 creatures vanquished

Notes
Turn   | Place    | Note
-------+----------+-------------------------------------------
     0 | D        | MuseOD the Spriggan Enchanter began the quest for the Orb.
     0 | D        | Reached XP level 1. HP: 9/9 MP: 5/5
    11 | D        | Reached skill level 1 in Fighting
    11 | D        | Reached skill level 5 in Stealth
    68 | D        | Killed a yaktaur
    77 | D        | Killed a hellion
   117 | D        | Killed a hellion
   118 | D        | Killed a hellion
   119 | D        | Killed a hellion
   150 | D        | Killed a white draconian scorcher
   172 | D        | Killed a hellion
   174 | D        | Killed a white draconian scorcher
   190 | D        | Noticed Jessica
   194 | D        | Killed Jessica
   194 | D        | Reached skill level 6 in Stealth
   194 | D        | Reached XP level 2. HP: 14/15 MP: 6/6
   194 | D        | Reached XP level 3. HP: 16/18 MP: 8/8
   198 | D        | Learned a level 2 spell: Ensorcelled Hibernation
   202 | D        | Learned a level 3 spell: Confuse
   214 | D        | Noticed Crazy Yiuf
   217 | D        | Killed Crazy Yiuf
   217 | D        | Reached skill level 5 in Short Blades
   217 | D        | Reached skill level 7 in Stealth
   224 | D        | Reached XP level 4. HP: 24/24 MP: 5/9
   271 | D        | Killed a hellion
   279 | D        | Killed a yaktaur
   281 | D        | Noticed a water elemental
   283 | D        | Killed a water elemental
   283 | D        | Reached skill level 8 in Stealth
   291 | D        | Found a basalt altar of Yredelemnul.
   291 | D        | Found a shadowy altar of Dithmenos.
   291 | D        | Found a sacrificial altar of Ru.
   291 | D        | Noticed a necrophage
   293 | D        | Killed a necrophage
   293 | D        | Reached skill level 10 in Stealth
   293 | D        | Reached XP level 5. HP: 30/30 MP: 10/10
   298 | D        | Became a worshipper of Dithmenos the Shadowed
   305 | D        | Found a hide-covered altar of Uskayaw.
   305 | D        | Found an iron altar of Okawaru.
   306 | D        | Found a roughly hewn altar of Beogh.
   306 | D        | Found a bloodstained altar of Trog.
   306 | D        | Found an ornate altar of the Wu Jian Council.
   306 | D        | Noticed a human
   306 | D        | Noticed a human
   339 | D        | Learned a level 3 spell: Dazzling Spray
   457 | D        | Killed a human
   457 | D        | Reached skill level 5 in Fighting
   457 | D        | Reached skill level 10 in Short Blades
   457 | D        | Reached skill level 11 in Stealth
   457 | D        | Reached XP level 6. HP: 33/35 MP: 4/13
   460 | D        | Killed a human
   460 | D        | Reached skill level 5 in Spellcasting
   460 | D        | Reached skill level 5 in Hexes
   460 | D        | Reached XP level 7. HP: 37/39 MP: 1/15
   461 | D        | Found a glowing silver altar of Zin.
   462 | D        | Found a glowing golden altar of the Shining One.
   556 | D        | Found a white marble altar of Elyvilon.
   556 | D        | Noticed a deep elf mage
   559 | D        | Killed a deep elf mage
   559 | D        | Reached * piety under Dithmenos
   559 | D        | Reached skill level 12 in Stealth
   585 | D        | Found a radiant altar of Vehumet.
   585 | D        | Found a deep blue altar of Sif Muna.
   585 | D        | Found an ancient bone altar of Kikubaaqudgha.
   686 | D        | Learned a level 3 spell: Tukima's Dance
   698 | D        | Noticed a shadow
   700 | D        | Killed a shadow
   700 | D        | Reached ** piety under Dithmenos
   700 | D        | Reached XP level 8. HP: 45/45 MP: 17/19
   720 | D        | Noticed Snorg
   722 | D        | Killed Snorg
   722 | D        | Reached skill level 13 in Stealth
   722 | D        | Reached XP level 9. HP: 50/50 MP: 19/22
   840 | D        | Noticed a centaur warrior
   842 | D        | Reached skill level 14 in Stealth
   844 | D        | Killed a centaur warrior
   844 | D        | Reached *** piety under Dithmenos
   858 | D        | Noticed an unseen horror
   858 | D        | Noticed an unseen horror
   859 | D        | Killed an unseen horror
   859 | D        | Reached skill level 15 in Stealth
   859 | D        | Reached skill level 10 in Hexes
   861 | D        | Killed an unseen horror
   861 | D        | Reached **** piety under Dithmenos
   861 | D        | Reached skill level 15 in Short Blades
   861 | D        | Reached skill level 10 in Spellcasting
   861 | D        | Reached XP level 10. HP: 57/57 MP: 23/25
   864 | D        | Noticed Donald
   864 | D        | Noticed Frances
   866 | D        | Killed Frances
   866 | D        | Reached skill level 16 in Stealth
   867 | D        | Killed Donald
   892 | D        | Noticed a yaktaur captain
   892 | D        | Noticed a yaktaur captain
   894 | D        | Killed a yaktaur captain
   894 | D        | Reached skill level 17 in Stealth
   894 | D        | Reached XP level 11. HP: 63/63 MP: 19/27
   990 | D        | Killed a yaktaur captain
   995 | D        | Reached ***** piety under Dithmenos
  1122 | D        | Noticed an obsidian statue
  1135 | D        | Reached skill level 10 in Fighting
  1376 | D        | Noticed a purple ugly thing
  1376 | D        | Noticed a purple ugly thing
  1378 | D        | Killed a purple ugly thing
  1380 | D        | Killed a purple ugly thing
  1384 | D        | Noticed a fire dragon
  1387 | D        | Killed a fire dragon
  1387 | D        | Reached skill level 5 in Dodging
  1387 | D        | Reached skill level 18 in Stealth
  1391 | D        | Noticed a centaur warrior
  1400 | D        | Killed a centaur warrior
  1400 | D        | Reached skill level 5 in Evocations
  1528 | D        | Noticed a purple ugly thing
  1531 | D        | Killed a purple ugly thing
  1536 | D        | Noticed a halberd of chopping
  1536 | D        | Noticed a glaive of venom
  1536 | D        | Noticed a vampiric halberd
  1537 | D        | Noticed a trident of protection
  1559 | D        | HP: 3/63 [poisoned by a glaive of venom]
  1564 | D        | HP: 2/63 [poisoned by a glaive of venom]
  1572 | D        | HP: 2/63 [poisoned by a glaive of venom]
  1895 | D        | Noticed a yaktaur captain
  1895 | D        | Noticed a purple ugly thing
  1946 | D        | Killed a yaktaur captain
  1946 | D        | Reached skill level 19 in Stealth
  2103 | D        | Killed a purple ugly thing
  2103 | D        | Reached skill level 1 in Conjurations
  2121 | D        | Noticed Chuck
  2121 | D        | Noticed a cyan ugly thing
  2132 | D        | Killed a cyan ugly thing
  2132 | D        | Reached ****** piety under Dithmenos
  2283 | D        | Killed Chuck
  2283 | D        | Reached skill level 10 in Dodging
  2283 | D        | Reached skill level 20 in Stealth
  2283 | D        | Reached XP level 12. HP: 59/67 MP: 22/29
  2538 | D        | Noticed Sojobo
  2542 | D        | Killed Sojobo
  2542 | D        | Reached skill level 21 in Stealth
  2557 | D        | Noticed a lich
  2577 | D        | Killed a lich
  2577 | D        | Reached skill level 22 in Stealth
  2736 | D        | Noticed a shadow dragon
  2736 | D        | Noticed an ogre mage
  2736 | D        | Noticed a shadow dragon
  2738 | D        | Reached skill level 15 in Dodging
  2740 | D        | Killed a shadow dragon
  2742 | D        | Killed an ogre mage
  2742 | D        | Reached skill level 23 in Stealth
  2744 | D        | Killed a shadow dragon
  2912 | D        | Got a fine iron ring
  2921 | D        | Identified the ring "Pumnef" {EV+2 Dex+2} (You found it in
                  | the Dungeon)
  3134 | D        | Found Cadwibisie's Distillery.
  3150 | D        | Reached XP level 13. HP: 38/72 MP: 5/30
  3416 | D        | Bought a potion of degeneration for 12 gold pieces
  3574 | D        | Killed from afar by a deep elf knight

Skill      XL: |  1  2  3  4  5  6  7  8  9 10 11 12 |
---------------+-------------------------------------+-----
Fighting       | 2 3 4 5 6 7 8 9 10 | 10.2
Short Blades   | 4 6 9 10 12 13 15 16 17 | 17.7
Stealth        | 6 7 10 11 12 13 15 17 20 23 | 23.7
Spellcasting   | 4 5 6 8 10 11 12 | 12.6
Hexes          | 4 5 7 8 10 12 | 12.9
Dodging        | 10 16 | 16.9
Evocations     | 7 |  7.0
Conjurations   | 3 8 |  8.8

Action                   |  1- 3 |  4- 6 |  7- 9 | 10-12 | 13-15 || total
-------------------------+-------+-------+-------+-------+-------++-------
Melee: Dagger            |    16 |     8 |    12 |   289 |    18 ||   343
 Cast: Confuse           |     1 |     4 |       |    24 |    12 ||    41
       Dazzling Spray    |       |     3 |       |    15 |    10 ||    28
       Ensorcelled Hiber |       |       |       |     5 |     4 ||     9
Invok: Shadow Step       |       |       |       |     6 |     1 ||     7
  Use: Potion            |       |       |       |     2 |     1 ||     3
 Stab: Sleeping          |     3 |     3 |    12 |    23 |     2 ||    43
       Confused          |     2 |     1 |       |     8 |     5 ||    16
       Invisible         |       |     1 |       |       |     2 ||     3
  Eat: Ration            |       |       |       |     1 |       ||     1
Armor: Robe              |       |     1 |       |       |       ||     1
Dodge: Dodged            |     3 |     2 |       |    15 |    21 ||    41
